 Dungeon Crawl Stone Soup version 0.26-a0-52-gd53d4cd058 (webtiles) character file.

Game seed: 9818505535031914393

36066 mortelune the Impaler (level 13, -6/111 HPs)
             Began as a Merfolk Skald on June 5, 2020.
             Was an Elder of Makhleb.
             Mangled by Rupert
             ... wielding a +2 triple sword of flaming
              (40 damage)
             ... on level 5 of the Lair of Beasts.
             The game lasted 00:51:19 (27327 turns).

mortelune the Impaler (Merfolk Skald)              Turns: 27327, Time: 00:51:19

Health: -6/111     AC: 10    Str: 19    XL:     13   Next: 87%
Magic:  19/19      EV: 19    Int: 18    God:    Makhleb [****..]
Gold:   532        SH:  0    Dex: 15    Spells: 8/16 levels left

rFire    + . .     SeeInvis .   j - +4 glaive (flame)
rCold    . . .     Gourm    .   (shield currently unavailable)
rNeg     . . .     Faith    .   r - +0 scale mail
rPois    +         Spirit   .   s - +1 helmet
rElec    .         Reflect  .   R - +0 cloak
rCorr    .         Harm     .   N - +0 pair of gloves of Chimes {*Drain rF+ MR+ Int+4}
MR       +....                  (no boots)
Stlth    ..........             p - amulet of the acrobat
HPRegen  0.28/turn              P - ring of poison resistance
MPRegen  0.16/turn              o - +6 ring of strength

@: no status effects
A: change form in water, swift swim, stealthy swim
a: Minor Destruction, Lesser Servant of Makhleb, Major Destruction, Renounce
Religion


You were on level 5 of the Lair of Beasts.
You worshipped Makhleb.
Makhleb was greatly pleased with you.
You were near starving.

You visited 3 branches of the dungeon, and saw 17 of its levels.

You collected 916 gold pieces.
You spent 384 gold pieces at shops.

Inventory:

Hand Weapons
 b - a +0 hunting sling
 j - a +4 glaive of flaming (weapon)
 G - a +2 trident of freezing
Missiles
 Q - 369 stones (quivered)
Armour
 r - a +0 scale mail (worn)
 s - a +1 helmet (worn)
 y - the +1 robe of Egalitarianism {rElec}
   (You found it on level 1 of the Lair of Beasts)

   It insulates you from electricity.
 N - the +0 pair of gloves of Chimes (worn) {*Drain rF+ MR+ Int+4}
   (You found it on level 7 of the Dungeon)

   It affects your intelligence (+4).
   It protects you from fire.
   It affects your resistance to hostile enchantments.
   It causes draining when unequipped.
 R - a +0 cloak (worn)
 U - a scarf of repulsion
 Y - a +1 robe of cold resistance
Jewellery
 o - a +6 ring of strength (right hand)
 p - an amulet of the acrobat (around neck)
 F - an uncursed ring of protection from fire
 I - an uncursed ring of protection from cold
 L - an uncursed ring of magical power
 M - an uncursed ring of protection from magic
 P - a ring of poison resistance (left hand)
 W - an uncursed amulet of reflection
Wands
 l - a wand of paralysis (5)
 v - a wand of acid (12)
 x - a wand of polymorph (25)
 D - a wand of digging (5)
 E - a wand of clouds (1)
 H - a wand of flame (19)
 V - a wand of iceblast (18)
Scrolls
 h - 2 scrolls of amnesia
 k - 3 scrolls of immolation
 t - a scroll of teleportation
 w - 3 scrolls of enchant armour
 B - 4 scrolls of blinking
 J - 4 scrolls of enchant weapon
Potions
 a - 2 potions of invisibility
 c - a potion of cancellation {unknown}
 e - 2 potions of degeneration
 g - a potion of magic
 m - 9 potions of curing
 n - 3 potions of stabbing
 u - 2 potions of resistance {unknown}
 z - a potion of might
 A - a potion of heal wounds
 C - a potion of mutation
 K - 2 potions of haste
 O - 2 potions of flight {unknown}
 T - 2 potions of lignification
 Z - a potion of ambrosia {unknown}
Miscellaneous
 S - a lightning rod (4/4)
Comestibles
 d - 13 rations


   Skills:
 + Level 13.1 Fighting
 + Level 15.6 Polearms
 + Level 2.3 Armour
 - Level 14.8 Dodging
 - Level 2.0 Spellcasting
 * Level 9.2 Charms
 + Level 9.2 Invocations


You had 8 spell levels left.
You knew the following spells:

 Your Spells              Type           Power        Failure   Level  Hunger
a - Infusion              Chrm           ####         1%          1    #......
b - Song of Slaying       Chrm           #####...     1%          2    ###....
c - Shroud of Golubria    Chrm/Tloc      ###...       12%         2    ###....
d - Spectral Weapon       Hex/Chrm       ###.....     24%         3    ###....

Your spell library contained the following spells:

 Spells                   Type           Power        Failure   Level  Hunger
 Swiftness                Chrm/Air       ###.....     12%         2    ###....
 Ozocubu's Armour         Chrm/Ice       ###.....     24%         3    ###....
 Corona                   Hex            #......      47%         1    #......
 Shock                    Conj/Air       #...         47%         1    #......
 Sting                    Tmut/Pois      #...         47%         1    #......
 Poisonous Vapours        Pois/Air       #.....       63%         2    ###....
 Slow                     Hex            #.......     63%         2    ###....
 Sublimation of Blood     Necr           #.........   63%         2    ###....
 Ignite Poison            Fire/Tmut/Pois #.......     85%         3    ###....
 Inner Flame              Hex/Fire       #.......     85%         3    ###....
 Mephitic Cloud           Conj/Pois/Air  #.......     85%         3    ###....
 Portal Projectile        Hex/Tloc       #.....       85%         3    ###....
 Static Discharge         Conj/Air       #.......     85%         3    ###....
 Airstrike                Air            #.........   99%         4    #####..
 Cause Fear               Hex            #.........   99%         4    #####..
 Leda's Liquefaction      Hex/Erth       #.........   99%         4    #####..
 Olgreb's Toxic Radiance  Pois           #.......     99%         4    #####..
 Petrify                  Tmut/Erth      #.......     99%         4    #####..
 Alistair's Intoxication  Tmut/Pois      #.......     100%        5    ######.
 Irradiate                Conj/Tmut      #.........   100%        5    ######.
 Lightning Bolt           Conj/Air       #.........   100%        5    ######.
 Eringya's Noxious Bog    Tmut/Pois      #.........   100%        6    #######
 Ignition                 Fire           #.........   100%        8    #######
 Shatter                  Erth           #.........   100%        9    #######
 Tornado                  Air            #.........   100%        9    #######


Dungeon Overview and Level Annotations

Branches:
Dungeon (11/15)            Temple (1/1) D:4            Lair (5/6) D:9
  Swamp (0/4) Lair:4        Snake (0/4) Lair:4        Slime (0/5) Lair:5
    Orc (0/2) D:9

Altars:
Ashenzari
Cheibriados
Dithmenos
Elyvilon
Fedhas
Gozag
Hepliaklqana
Kikubaaqudgha
Makhleb
Nemelex Xobeh
Okawaru
Qazlal
Ru
Sif Muna
Trog
Uskayaw
Vehumet
Wu Jian
Xom
Yredelemnul
Zin
The Shining One
Jiyva

Shops:
D:7 }

Annotations:
Lair:4 2 transporters, Oseuty Gilid's ghost, journeyman TrMo
Lair:5 Rupert


Message History

Rupert is heavily wounded.
Rupert is engulfed in blazing flames.
Rupert hits you with a +2 triple sword of flaming!
Rupert burns you.
You hit Rupert. You burn Rupert.
Rupert is heavily wounded.
Rupert is engulfed in blazing flames.
Rupert barely misses you.
You hit Rupert. You burn Rupert.
Rupert is severely wounded.
Rupert is engulfed in blazing flames.
Rupert hits you with a +2 triple sword of flaming!!
Rupert burns you.
You hit Rupert. You burn Rupert.
Rupert is severely wounded.
Rupert is engulfed in blazing flames.
Rupert misses you.
You hit Rupert. You burn Rupert.
Rupert is severely wounded.
Rupert is engulfed in blazing flames.
Rupert hits you with a +2 triple sword of flaming!!!
You die...

#... ..#...♣...#.....# ##.#
♣..#.....#..♣...# #...
.......!..#.....# ##.#
.......♣........ ###...
#........○○○..# #..#.#
#..♣..<.○§○.# ###..# #......○@○#
###.... #...♣..@# #......
P....##.#......## ###..P. #.
...#..###.### ###....
##.##..P..#....## ########...#..
.#..P.....#.....####.....#......#
###.......#♣.>.♣##.......#....PP.
..........#..(..#.#..............
P.........##.♣.##........P....#..
##....P...##.#....P.....P..#.....


You could see Rupert (berserk).

Vanquished Creatures
  Erolcha (D:10)
  Harold (Lair:1)
  A hydra (Lair:4)
  10 death yaks
  2 two-headed ogres
  Nergalle (D:10)
  Pikel (D:9)
  2 black mambas
  4 torpor snails (Lair:2)
  2 molten gargoyles (Lair:4)
  3 spiny frogs
  4 komodo dragons
  2 rime drakes
  A polar bear (Lair:4)
  A hornet (D:7)
  A slime creature (Lair:4)
  A bog body (Lair:4)
  3 dream sheep
  3 blink frogs (Lair:4)
  7 hippogriffs
  4 wyverns
  33 yaks
  Grum (D:10)
  A basilisk (Lair:4)
  3 hungry ghosts
  A steam dragon (D:10)
  Edmund (D:4)
  An acid dragon (D:11)
  6 nagas (Lair:4)
  2 swamp worms (Lair:4)
  10 water moccasins
  3 porcupines
  An orc warrior (D:10)
  2 sky beasts (D:9)
  4 black bears
  An ice beast (D:8)
  A slave (D:9)
  2 ogres (D:10)
  3 phantoms
  10 centaurs
  6 crocodiles
  16 wolves
  4 big kobolds
  12 bullfrogs
  5 scorpions
  A troll zombie (D:9)
  9 killer bees
  A water moccasin skeleton (D:6)
  4 wights
  2 electric eels
  3 howler monkeys
  3 crimson imps
  A quasit (D:5)
  A gnoll shaman (D:6)
  2 centaur zombies
  7 hounds
  3 orc priests
  2 centaur skeletons
  9 jellies
  5 bullfrog skeletons
  Terence (D:2)
  Jessica (D:2)
  5 iguanas
  3 orc wizards
  2 worker ants
  5 ogre zombies (D:9)
  A worker ant zombie (D:8)
  Robin (D:2)
  9 gnolls
  9 adders
  5 shadow imps
  An adder zombie (D:5)
  7 oozes
  4 worms
  A dart slug (D:2)
  3 leopard geckos
  21 orcs
  7 giant cockroaches
  6 hobgoblins
  20 jackals
  5 quokkas
  5 bats
  3 frilled lizards
  21 goblins
  A goblin skeleton (D:9)
  A hobgoblin skeleton (D:9)
  4 hobgoblin zombies (D:9)
  A jackal skeleton (D:6)
  14 kobolds
  2 orc skeletons (D:9)
  9 orc zombies (D:9)
  8 rats
423 creatures vanquished.

Vanquished Creatures (collateral kills)
  Fannar (Lair:3)
  A hydra (Lair:1)
  A spiny frog (Lair:4)
  A porcupine (Lair:3)
  A bullfrog (Lair:1)
5 creatures vanquished.

Vanquished Creatures (others)
  3 slaves (D:9)
  A crimson imp (D:9)
  A goblin zombie (D:9)
  An orc zombie (D:9)
  12 fungi
  8 plants
26 creatures vanquished.

Grand Total: 454 creatures vanquished

Notes
Turn   | Place    | Note
-------+----------+-------------------------------------------
     0 | D:1      | mortelune the Merfolk Skald began the quest for the Orb.
     0 | D:1      | Reached XP level 1. HP: 16/16 MP: 3/3
   314 | D:1      | Reached XP level 2. HP: 23/23 MP: 5/5
  1026 | D:2      | Noticed Terence
  1043 | D:1      | Reached XP level 3. HP: 17/28 MP: 6/6
  1570 | D:2      | Killed Terence
  1570 | D:2      | Reached skill level 4 in Polearms
  1570 | D:2      | Reached XP level 4. HP: 10/35 MP: 1/7
  2130 | D:2      | Noticed Jessica
  2158 | D:2      | HP: 1/35 [Jessica/+0 dagger (1)]
  2159 | D:2      | Killed Jessica
  2652 | D:2      | Found a blossoming altar of Fedhas.
  2758 | D:2      | Learned a level 2 spell: Song of Slaying
  3002 | D:3      | Found a radiant altar of Vehumet.
  3111 | D:3      | Reached XP level 5. HP: 40/41 MP: 8/8
  3513 | D:3      | Noticed Robin
  3536 | D:3      | Reached skill level 5 in Polearms
  4481 | D:2      | Killed Robin
  4676 | D:2      | Learned a level 2 spell: Shroud of Golubria
  4903 | D:4      | Found a staircase to the Ecumenical Temple.
  4998 | D:4      | Reached skill level 5 in Dodging
  5195 | D:4      | Reached XP level 6. HP: 48/48 MP: 9/9
  5517 | D:4      | Reached skill level 6 in Polearms
  5752 | D:4      | Noticed Edmund
  5782 | D:4      | Killed Edmund
  5782 | D:4      | Reached XP level 7. HP: 43/55 MP: 10/10
  6116 | D:4      | Reached skill level 5 in Fighting
  6164 | D:4      | Found a glowing golden altar of the Shining One.
  6173 | D:4      | Found a basalt altar of Yredelemnul.
  6270 | D:4      | Found an iron altar of Okawaru.
  6376 | D:4      | Noticed an angel
  6417 | Temple   | Entered the Ecumenical Temple
  6496 | D:5      | Entered Level 5 of the Dungeon
  6808 | D:5      | Found a shimmering altar of Xom.
  7154 | D:5      | Reached skill level 7 in Polearms
  7383 | D:5      | Found a burning altar of Makhleb.
  7394 | D:5      | Became a worshipper of Makhleb the Destroyer
  7593 | D:5      | Found a shadowy altar of Dithmenos.
  8077 | D:6      | Reached XP level 8. HP: 50/64 MP: 11/11
  8631 | D:6      | Reached skill level 8 in Polearms
  8995 | D:6      | You fall into a shaft and drop 2 floors!
  9223 | D:7      | Noticed a hornet
  9231 | D:7      | Killed a hornet
  9231 | D:7      | Reached skill level 9 in Polearms
  9393 | D:7      | Found Gesm's Gadget Emporium.
  9394 | D:7      | Noticed a hippogriff
  9404 | D:7      | Killed a hippogriff
  9536 | D:7      | Reached XP level 9. HP: 72/72 MP: 12/12
  9755 | D:7      | Reached * piety under Makhleb
  9755 | D:7      | Reached skill level 10 in Polearms
 10253 | D:7      | Got a pair of steaming gloves
 10264 | D:7      | Identified the +0 pair of gloves of Chimes {*Drain rF+ MR+
                  | Int+4} (You found it on level 7 of the Dungeon)
 11045 | D:8      | Reached skill level 10 in Dodging
 11070 | D:8      | Reached skill level 11 in Polearms
 11157 | D:8      | Reached XP level 10. HP: 78/83 MP: 13/13
 11620 | D:9      | Noticed Pikel
 11652 | D:9      | Killed Pikel
 11652 | D:9      | Reached skill level 12 in Polearms
 12067 | D:9      | Reached ** piety under Makhleb
 12136 | D:9      | Reached skill level 10 in Fighting
 12167 | D:9      | Found a staircase to the Orcish Mines.
 12168 | D:9      | Found the +8 Wrath of Trog {antimagic, *Rage}
 12323 | D:9      | Reached skill level 1 in Invocations
 12998 | D:9      | Noticed a two-headed ogre
 13005 | D:9      | Killed a two-headed ogre
 13005 | D:9      | Reached *** piety under Makhleb
 13005 | D:9      | Reached skill level 13 in Polearms
 13005 | D:9      | Reached XP level 11. HP: 92/92 MP: 14/14
 13185 | D:9      | Found a blossoming altar of Fedhas.
 13221 | D:9      | Found a staircase to the Lair.
 13222 | D:9      | Noticed a death yak
 13222 | D:9      | Noticed a death yak
 13294 | D:9      | Killed a death yak
 13372 | D:9      | Noticed a two-headed ogre
 13420 | D:8      | Killed a two-headed ogre
 13862 | D:9      | Found a hazy altar of Hepliaklqana.
 13862 | D:9      | Found an iron altar of Okawaru.
 13982 | D:9      | Noticed a death yak
 14065 | D:8      | Killed a death yak
 14551 | D:9      | Found a bloodstained altar of Trog.
 14620 | D:10     | Entered Level 10 of the Dungeon
 14637 | D:10     | Noticed Nergalle
 14655 | D:10     | Killed Nergalle
 14922 | D:10     | Noticed Erolcha
 14951 | D:10     | Killed Erolcha
 14951 | D:10     | Reached skill level 14 in Polearms
 14951 | D:10     | Reached skill level 5 in Invocations
 15499 | D:10     | Noticed Grum
 15516 | D:10     | Reached XP level 12. HP: 100/100 MP: 16/16
 15543 | D:10     | Killed Grum
 16059 | D:11     | Reached **** piety under Makhleb
 17454 | D:9      | Reached skill level 15 in Polearms
 17524 | D:7      | Bought a wand of acid (12) for 384 gold pieces
 17595 | Lair:1   | Entered Level 1 of the Lair of Beasts
 17620 | Lair:1   | Noticed a four-headed hydra
 17631 | Lair:1   | Killed a four-headed hydra
 17941 | Lair:1   | Noticed Harold
 17963 | Lair:1   | Killed Harold
 18277 | Lair:1   | Got a ripped robe
 18288 | Lair:1   | Identified the cursed +1 robe of Egalitarianism {rElec}
                  | (You found it on level 1 of the Lair of Beasts)
 18979 | Lair:2   | Reached skill level 5 in Charms
 19480 | Lair:2   | Found a snail-covered altar of Cheibriados.
 20942 | Lair:3   | Noticed Fannar
 20967 | Lair:3   | Killed Fannar
 20967 | Lair:3   | Reached XP level 13. HP: 54/109 MP: 13/19
 21540 | Lair:3   | Found a shimmering altar of Xom.
 22625 | Lair:4   | Learned a level 3 spell: Spectral Weapon
 22635 | Lair:4   | Noticed a rakshasa
 23642 | Lair:4   | Identified a scroll of acquirement
 23658 | Lair:4   | Noticed Oseuty Gilid's ghost (journeyman TrMo)
 23662 | Lair:4   | Found a transporter.
 23662 | Lair:4   | Found a transporter.
 23668 | Lair:4   | Identified the +3 trident "Peekeje" {distort, rPois Str-3
                  | Int+4}
 23972 | Lair:4   | Reached skill level 1 in Armour
 25166 | Lair:4   | Noticed a cyan very ugly thing
 25171 | Lair:4   | Found a one-way gate to the infinite horrors of the Abyss.
 26030 | Lair:4   | Found a staircase to the Snake Pit.
 26163 | Lair:4   | Found a staircase to the Swamp.
 26709 | Lair:5   | Found a staircase to the Slime Pits.
 26709 | Lair:5   | Found a viscous altar of Jiyva.
 27313 | Lair:5   | Noticed Rupert
 27327 | Lair:5   | Mangled by Rupert

Illustrated notes

Levels and vault maps discovered:
D:1:      minmay_arrival_doors, layout_loops_ring, serial_forest,
          infiniplex_forest_lined_3, infiniplex_forest_end_1,
          infiniplex_forest_straight_3, infiniplex_forest_straight_3,
          infiniplex_forest_straight_1, infiniplex_forest_straight_1
D:2:      layout_rooms, lemuel_round_altar, uniq_terence, uniq_jessica
D:3:      layout_loops_cross, overflow_temple_1_default, serial_bayou_lagoon_b,
          uniq_robin
D:4:      layout_cave_pools, grunt_temple_overflow_holy_war, temple_pool_b,
          first_ration, chequers_serial_rivers_small_3,
          okawaru_altar_gauntlet_db, uniq_edmund
D:5:      layout_rooms, lemuel_doored_altar, kennysheep_mini_moat,
          old_standard_altar
D:6:      layout_loops_ring, minmay_misc_feat_four_crosses, minivault_25
D:7:      layout_gridville, serial_shops, nicolae_shop_window_shopping
D:8:      layout_rooms, hangedman_ranch [blue_anna_fruit_fields]
D:9:      layout_irregular_city, chequers_temple_overflow_statue_of_worship,
          marbit_many_paths, dpeg_lair_monsters, zombieorc1_lemuel,
          fedhas_altar_4, uniq_pikel
D:10:     layout_roguey, uniq_grum, uniq_nergalle, uniq_erolcha
D:11:     layout_layer_cave
Temple:   nicolae_temple_x_marks_the_god
Lair:1:   layout_long_grid, grunt_megastairs_1, infiniplex_staircase_pool,
          uniq_harold
Lair:2:   layout_small_grid, kennysheep_snail_temple, grunt_megastairs_4
Lair:3:   layout_misc_corridors, basic_altar, serial_bayou_shore_b,
          infiniplex_staircase_pool_2, serial_bayou_shore_a, uniq_fannar
Lair:4:   lemuel_slime, layout_gridlike, nicolae_swamp_entry_splash_gauntlet,
          minmay_snake_entry_guardpost_large, gammafunk_ghost_abyssal_escape,
          lookout_lair_type, serial_bayou_pond_b, beast_lair_carwin_10
Lair:5:   layout_layer_cave, slime_altar_1, st_stairs_11, grunt_megastairs_3,
          lemuel_fruit_tree, serial_bayou_shore_b, uniq_rupert

Skill      XL: |  1  2  3  4  5  6  7  8  9 10 11 12 13 |
---------------+----------------------------------------+-----
Dodging        | 3 4 5 7 8 10 12 13 14 | 14.8
Fighting       | 3 4 5 7 9 10 11 12 13 | 13.1
Polearms       | 4 5 6 7 9 11 13 14 15 | 15.6
Invocations    | 2 5 8 9 |  9.2
Charms         | 6 9 |  9.2
Armour         | 2 |  2.3
Spellcasting   | |  2.0

Action                   |  1- 3 |  4- 6 |  7- 9 | 10-12 | 13-15 || total
-------------------------+-------+-------+-------+-------+-------++-------
Melee: Spear             |   113 |   173 |       |       |       ||   286
       Trident           |       |    80 |   436 |  1040 |   118 ||  1674
       Tailslap          |       |     1 |       |     2 |     1 ||     4
       Glaive            |       |       |       |       |   204 ||   204
 Fire: Hunting sling     |       |       |     3 |       |       ||     3
Throw: Stone             |       |       |     1 |     4 |     1 ||     6
 Cast: Infusion          |     2 |     6 |       |     3 |     2 ||    13
       Song of Slaying   |       |     4 |       |     6 |     1 ||    11
       Shroud of Golubri |       |     1 |       |       |     6 ||     7
       Spectral Weapon   |       |       |       |       |     2 ||     2
Invok: Lesser Servant of |       |       |       |     5 |     2 ||     7
       Minor Destruction |       |       |       |     3 |       ||     3
       Major Destruction |       |       |       |       |     1 ||     1
Evoke: Wand              |       |       |     1 |     1 |     2 ||     4
  Use: Scroll            |       |     3 |     5 |    15 |     6 ||    29
       Potion            |       |     1 |       |       |       ||     1
 Stab: Sleeping          |     3 |     1 |       |       |       ||     4
       Confused          |       |       |     1 |       |       ||     1
  Eat: Chunk             |     1 |    12 |    13 |    28 |     9 ||    63
       Ration            |       |     1 |     1 |     3 |     3 ||     8
Armor: Leather armour    |    25 |    43 |       |       |       ||    68
       Chain mail        |       |       |   120 |       |       ||   120
       Scale mail        |       |       |    18 |   138 |    45 ||   201
Dodge: Dodged            |    70 |   112 |   212 |   552 |   201 ||  1147
Block: Buckler           |       |    41 |    59 |   105 |     8 ||   213

Table legend:
 A = Non-vault XP
 B = Vault XP
 C = Vault XP percentage of total XP
 D = Non-vault monster count
 E = Vault monster count
 F = Vault count percentage of total count
                 A         B        C        D         E       F
            +---------+---------+-------+---------+---------+-------
      Total |   28126 |   23397 |  45.4 |     309 |     118 |  27.6
            +---------+---------+-------+---------+---------+-------
        D:1 |      38 |       0 |   0.0 |      19 |       0 |   0.0
        D:2 |      27 |      98 |  78.4 |      13 |       7 |  35.0
        D:3 |      67 |      16 |  19.3 |      30 |       8 |  21.1
        D:4 |     270 |     190 |  41.3 |      19 |       7 |  26.9
        D:5 |     212 |       0 |   0.0 |      11 |       0 |   0.0
        D:6 |     491 |       0 |   0.0 |      16 |       0 |   0.0
        D:7 |    1358 |       0 |   0.0 |      24 |       0 |   0.0
        D:8 |    2556 |    1817 |  41.6 |      30 |       6 |  16.7
        D:9 |    3897 |    2932 |  42.9 |      32 |      32 |  50.0
       D:10 |    4336 |    2491 |  36.5 |      33 |       7 |  17.5
       D:11 |    3226 |       0 |   0.0 |      26 |       0 |   0.0
     Lair:1 |    1460 |     705 |  32.6 |       6 |       1 |  14.3
     Lair:2 |    2279 |    3157 |  58.1 |      16 |       7 |  30.4
     Lair:3 |    3259 |    2651 |  44.9 |      16 |       4 |  20.0
     Lair:4 |    3780 |    8469 |  69.1 |      15 |      35 |  70.0
     Lair:5 |     870 |     871 |  50.0 |       3 |       4 |  57.1
            +---------+---------+-------+---------+---------+-------
